 Dungeon Sprint DCSS version 0.19.5 (webtiles) character file.

172 Snowbourne the Jinx (level 5, 0/23 (24) HPs)
             Began as a Spriggan Enchanter on May 12, 2017.
             Slain by a necrophage (6 damage)
             ... in the Dungeon (Sprint II: "The Violet Keep of Menkaure").
             The game lasted 00:00:15 (25 turns).

Snowbourne the Jinx (Spriggan Enchanter)              Turns: 25, Time: 00:00:16

HP:   0/23 (24)     AC:  3    Str:  4    XL:     5   Next: 27%
MP:   10/10         EV: 18    Int: 17    God:
Gold: 0             SH:  0    Dex: 17    Spells: 1 memorised, 8 levels left

rFire  . . .     SeeInvis +     a - +1 dagger
rCold  . . .     Gourm    .     b - +1 robe
rNeg   . . .     Faith    .     (shield restricted)
rPois  .         Spirit   .     (helmet restricted)
rElec  .         Reflect  .     (no cloak)
rCorr  .         Harm     .     (gloves unavailable)
MR     .....     NoTele   +     (boots unavailable)
Stlth  +++++.....               (no amulet)
                                (no ring)
                                (no ring)

@: exhausted, non-regenerating, diseased, slowed, quick
A: unfitting armour, see invisible, herbivore 3, speed 3, slow metabolism 2
a: no special abilities


You were in the Dungeon.
You were not hungry.

You visited 1 branch

Inventory:

Hand Weapons
 a - a +1 dagger (weapon)
Armour
 b - a +1 robe (worn)
Scrolls
 j - a scroll of blinking
Potions
 e - a potion of curing
 f - a potion of heal wounds
 g - a potion of haste
 h - 2 potions of magic
Books
 c - a book of Maledictions

   Spells                             Type                      Level
   a - Corona                         Hexes                        1
   b - Ensorcelled Hibernation        Hexes/Ice                    2
   c - Confuse                        Hexes                        3
   d - Tukima's Dance                 Hexes                        3
   e - Dazzling Spray                 Conjuration/Hexes            3
Comestibles
 d - a bread ration


   Skills:
 - Level 1.1 Short Blades
 - Level 3.0 Dodging
 + Level 10.6 Stealth
 - Level 2.6 Spellcasting
 * Level 11.0 Hexes


You had 8 spell levels left.
You knew the following spells:

 Your Spells              Type           Power        Failure   Level  Hunger
a - Corona                Hex            #####..      1%          1    #......


Dungeon Overview and Level Annotations

Branches:
Dungeon (1/1)

Altars:


Innate Abilities, Weirdness & Mutations

You are very small and have problems with some larger weapons.
You are too small for most types of armour.
You have supernaturally acute eyesight. (SInv)
You are a herbivore.
You cover ground extremely quickly.
You need consume almost no food.


Message History

You feel yourself slow down. The necrophage completely misses you.
You closely miss the necrophage.
The necrophage is lightly damaged.
The necrophage hits you.
You feel ill.
You feel your flesh rotting away! The necrophage hits you.
You hit the necrophage.
The necrophage is lightly damaged.
The necrophage barely misses you. The necrophage completely misses you.
The necrophage misses you.
The necrophage hits you but does no damage.
You closely miss the necrophage.
The necrophage is lightly damaged.
The necrophage barely misses you. The necrophage hits you.
* * * LOW HITPOINT WARNING * * *
You are too injured to fight recklessly!
You are too injured to fight recklessly!
You closely miss the necrophage.
The necrophage is lightly damaged.
The necrophage hits you.
You die...

## ##.#
#+#
#..†##.##
#nn@<.+
#...##.##
##.# #+#
##


You could see 2 necrophages.

Vanquished Creatures
  2 necrophages (D)
2 creatures vanquished.

Vanquished Creatures (others)
  Menkaure (D)
1 creature vanquished.

Grand Total: 3 creatures vanquished

Notes
Turn   | Place    | Note
-------+----------+-------------------------------------------
     0 | D        | Snowbourne the Spriggan Enchanter began the quest for the Orb.
     0 | D        | Reached XP level 1. HP: 9/9 MP: 5/5
     1 | D        | Noticed a necrophage
     1 | D        | Noticed a necrophage
     1 | D        | Noticed a necrophage
     1 | D        | Noticed a necrophage
    11 | D        | Killed a necrophage
    11 | D        | Reached skill level 9 in Hexes
    11 | D        | Reached XP level 2. HP: 13/13 MP: 6/6
    11 | D        | Reached XP level 3. HP: 16/16 MP: 8/8
    11 | D        | Reached XP level 4. HP: 21/21 MP: 9/9
    17 | D        | Killed Menkaure
    18 | D        | Killed a necrophage
    18 | D        | Reached skill level 10 in Stealth
    18 | D        | Reached skill level 11 in Hexes
    18 | D        | Reached XP level 5. HP: 22/24 MP: 10/10
    25 | D        | Slain by a necrophage

Skill      XL: |  1  2  3  4 |
---------------+-------------+-----
Stealth        | 8 10 | 10.6
Hexes          | 9 11 | 11.0
Short Blades   | |  1.1
Dodging        | |  3.0
Spellcasting   | |  2.6

Action                   |  1- 3 |  4- 6 || total
-------------------------+-------+-------++-------
Melee: Dagger            |     9 |    12 ||    21
  Use: Potion            |     1 |       ||     1
Armor: Robe              |     1 |     2 ||     3
Dodge: Dodged            |     3 |    11 ||    14
